 Dungeon Crawl Stone Soup version 0.14-a0-2162-g062a2ce (webtiles) character file.

196 Kae the Firebug (level 5, -4/28 HPs)
             Began as a Tengu Fire Elementalist on Jan 28, 2014.
             Slain by a gnoll
             ... wielding a +0,+1 spear
              (8 damage)
             ... on Level 2 of the Dungeon.
             The game lasted 00:01:53 (1735 turns).

Kae the Firebug (Tengu Fire Elementalist)           Turns: 1735, Time: 00:01:53

HP  -4/28        AC  2     Str  8      XL: 5   Next:  4%
MP   0/12        EV 12     Int 22      God:
Gold 76          SH  0     Dex 14      Spells:  3 memorised,  3 levels left

rFire  . . .     SeeInvis .     h - +0 mace (crush)
rCold  . . .     Clarity  .     a - +0 robe
rNeg   . . .     Conserve .     (no shield)
rPois  .         rCorr    .     (helmet restricted)
rElec  .         rRot     .     (no cloak)
SustAb . .       Spirit   .     (no gloves)
rMut   .         Warding  .     (boots unavailable)
Saprov . . .     Stasis   .     (no amulet)
MR     .....                    (no ring)
                                (no ring)

@: brilliant, very slightly contaminated, not resistant to hostile enchantments,
fairly stealthy
A: able to fly, beak, talons 3
a: Fly


You were on level 2 of the Dungeon.
You were hungry.

You visited 1 branch of the dungeon, and saw 2 of its levels.

You collected 76 gold pieces.

Inventory:

Hand weapons
 h - a +0,+0 mace of crushing (weapon)
Armour
 a - a +0 robe (worn)
Comestibles
 c - a bread ration
 j - an apple
Scrolls
 d - 3 scrolls of identify {unknown}
 e - a scroll of curse weapon {unknown}
 f - 2 scrolls of blinking {unknown}
 g - a scroll of teleportation {unknown}
 k - 2 scrolls of remove curse {unknown}
 p - a scroll of fog {unknown}
 q - a scroll of noise {unknown}
Jewellery
 l - an uncursed ring of see invisible {unknown}
 m - a cursed -5 ring of strength {unknown}
Potions
 n - a potion of curing {unknown}
 o - a potion of heal wounds {unknown}
Books
 b - a book of Flames

   Spells                             Type                      Level
   *Flame Tongue                      Conjuration/Fire             1
   *Throw Flame                       Conjuration/Fire             2
   *Conjure Flame                     Conjuration/Fire             3
   Inner Flame                        Hexes/Fire                   3
   Sticky Flame                       Conjuration/Fire             4
   Fireball                           Conjuration/Fire             5


   Skills:
 - Level 2.1 Dodging
 - Level 2.0 Stealth
 + Level 2.9 Spellcasting
 * Level 3.8 Conjurations
 * Level 4.5 Fire Magic


You had 3 spell levels left.
You knew the following spells:

 Your Spells              Type           Power        Failure   Level  Hunger
a - Flame Tongue          Conj/Fire      ####.        1%          1    None
b - Throw Flame           Conj/Fire      ####..       1%          2    ##.....
c - Conjure Flame         Conj/Fire      ####....     1%          3    ###....


Dungeon Overview and Level Annotations

Branches:
Dungeon (2/16)

Altars:


Innate Abilities, Weirdness & Mutations

You can fly.
You have a beak for a mouth.
You have claws for feet.


Message History

You are very lightly contaminated with residual magic.
Nothing appears to happen.
The gnoll hits you from afar with a spear.
* * * LOW HITPOINT WARNING * * *
Casting: Flame Tongue
Confirm with . or Enter, or press ? or * to list all spells.
You don't have enough magic to cast that spell.
Casting: Flame Tongue
Confirm with . or Enter, or press ? or * to list all spells.
You don't have enough magic to cast that spell.
Casting: Flame Tongue
Confirm with . or Enter, or press ? or * to list all spells.
You don't have enough magic to cast that spell.
Things that are here:
a hobgoblin skeleton; an orcish club; an orcish club Drink which item? (? for menu, Esc to quit)
You feel clever all of a sudden.
It was a potion of brilliance.
The gnoll hits you from afar with a spear!
You die...

#...........................
#.#######.#.....##########.#
#.# #.#.....# #.#
#.#######.#.....##########.#
#...........................
#.....###.#.##############.#
#.....# #.#g# #.# #.....#
#%#.# #.# ##########)#@# #.#
.......%...#.# #.#
..........g#.# #.#
..........#.# #.#
..........#.# #.#
..........#.# #.#
...>.....#.# #.# ........#.#
#.# .......#.# #.#


You could see a gnoll.

Vanquished Creatures
  Ijyb (D:2)
  5 adders (D:2)
  A gnoll (D:2)
  A giant gecko (D:2)
  2 oozes (D:2)
  A giant cockroach (D:1)
  5 goblins
  7 hobgoblins
  11 bats
  2 giant newts (D:1)
  4 kobolds
  7 rats
47 creatures vanquished.

Notes
Turn   | Place    | Note
--------------------------------------------------------------
     0 | D:1      | Kae, the Tengu Fire Elementalist, began the quest for the Orb.
     0 | D:1      | Reached XP level 1. HP: 10/10 MP: 3/3
   191 | D:1      | Reached XP level 2. HP: 13/15 MP: 0/5
   580 | D:2      | Reached XP level 3. HP: 13/19 MP: 5/7
   978 | D:2      | Reached skill level 4 in Fire Magic
  1531 | D:2      | Reached XP level 4. HP: 22/24 MP: 0/9
  1559 | D:2      | Learned a level 2 spell: Throw Flame
  1563 | D:2      | Learned a level 3 spell: Conjure Flame
  1711 | D:2      | Noticed Ijyb
  1716 | D:2      | Killed Ijyb
  1716 | D:2      | Reached XP level 5. HP: 15/28 MP: 1/12
  1735 | D:2      | Slain by a gnoll

Action                   |  1- 3 |  4- 6 || total
-------------------------+-------+-------++-------
Melee: Unarmed           |    16 |       ||    16
       Mace              |    50 |    15 ||    65
 Cast: Flame Tongue      |    29 |    17 ||    46
  Use: Potion            |       |     1 ||     1
 Stab: Sleeping          |     3 |       ||     3
